[Event "37th Belgrade Trophy 2024"]
[Site "Belgrade"]
[Date "2024.11.23"]
[Round "1"]
[White "Popovic, Dragan B"]
[Black "Andrijevic, Dimitrije"]
[Result "1-0"]
[ECO "C70"]
[WhiteElo "2185"]
[BlackElo "1819"]
[Annotator "RC"]
[PlyCount "79"]
[EventDate "2024.11.23"]
[EventCountry "SRB"]
[SourceTitle "playchess.com"]
[Source "ChessBase"]
[SourceQuality "1"]
[TimeControl "40/5400+30:900+30"]

1. e4 e5 2. Nf3 Nc6 3. Bb5 a6 4. Ba4 Bc5 5. c3 Nge7 6. d4 exd4 7. cxd4 Bb4+ 8. Nc3 d5 9. exd5 Nxd5 10. O-O O-O 11. Bg5 Nxc3 12. bxc3 Be7 13. Qd2 f6 14. Bf4 Kh8 15. d5 Na7 16. h3 Bc5 17. Bc2 Nb5 18. Rfe1 Nd6 19. Nd4 Bxd4 20. Qxd4 Bd7 21. c4 b6 22. c5 bxc5 23. Qxc5 Be8 24. Rac1 Bf7 25. Bb3 Rc8 26. Qa5 g5 27. Bd2 Qd7 28. Bc3 Qf5 29. Re3 Be8 30. Rf3 Qg6 31. Qxa6 Bb5 32. Qa5 Bd3 33. Bb2 Rf7 34. Qc3 Bf5 35. g4 Be4 36. Rxf6 Rxf6 37. Qxf6+ Kg8 38. Qe7 Re8 39. Qd7 h5 40. Rxc7 1-0

[Event "37th Belgrade Trophy 2024"]
[Site "Belgrade"]
[Date "2024.11.23"]
[Round "1"]
[White "Marjanovic, Dragan"]
[Black "Petrovic, Aleksa"]
[Result "0-1"]
[ECO "E62"]
[WhiteElo "1842"]
[BlackElo "2262"]
[Annotator "RC"]
[PlyCount "54"]
[EventDate "2024.11.23"]
[EventCountry "SRB"]
[SourceTitle "playchess.com"]
[Source "ChessBase"]
[SourceQuality "1"]
[TimeControl "40/5400+30:900+30"]

1. d4 Nf6 2. Nf3 d6 3. c4 g6 4. Nc3 Bf5 5. g3 Bg7 6. Bg2 O-O 7. O-O c6 8. Re1 Ne4 9. Nxe4 Bxe4 10. Nh4 Bxg2 11. Nxg2 Qb6 12. d5 cxd5 13. cxd5 Na6 14. Rb1 Rfc8 15. a3 Nc5 16. Be3 Qb3 17. Bxc5 Qxd1 18. Rexd1 Rxc5 19. Ne1 Rac8 20. a4 Bf6 21. Kf1 Kg7 22. e3 b5 23. b4 R5c7 24. a5 Rc3 25. Rd3 Rc1 26. Rxc1 Rxc1 27. Ke2 Bc3 0-1

[Event "37th Belgrade Trophy 2024"]
[Site "Belgrade"]
[Date "2024.11.23"]
[Round "1.1"]
[White "Smiljkovic, Milan"]
[Black "Shchekachev, Andrei"]
[Result "0-1"]
[ECO "B40"]
[WhiteElo "1888"]
[BlackElo "2448"]
[Annotator "TA"]
[PlyCount "64"]
[EventDate "2024.11.23"]
[EventCountry "SRB"]
[SourceTitle "playchess.com"]
[Source "ChessBase"]
[SourceQuality "1"]
[TimeControl "40/5400+30:900+30"]

1. e4 c5 2. c4 Nc6 3. Nf3 e6 4. Nc3 Nge7 5. d4 cxd4 6. Nxd4 Nxd4 7. Qxd4 Nc6 8. Qd1 Bc5 9. Be2 O-O 10. O-O d6 {[%emt 0:02:23] The position is equal.} 11. a3 a6 12. Bf4 e5 13. Be3 Be6 14. Nd5 Bd4 15. Bxd4 (15. Qb3 $11) 15... Nxd4 $15 16. Ne3 Rc8 17. b3 b5 18. Bd3 g6 19. Rb1 Qa5 20. Nc2 $2 {[%emt 0:11:27] [#]} ({White should try} 20. a4 $15) 20... Nxb3 $1 $19 21. Rxb3 bxc4 (21... Bxc4 $2 {is the wrong capture.} 22. Bxc4 bxc4 23. Rb4 $18) 22. Rb4 cxd3 23. Qxd3 Qc5 (23... d5 $19 {Strongly threatening ...dxe4.} 24. Qd2 d4) 24. Ne3 $17 a5 $36 {[%emt 0:01:14][%mdl 2048] Keeping White busy.} 25. Rb5 Qd4 26. Qxd4 (26. Qd1 $17 {was called for.}) 26... exd4 $19 27. Nd5 Rc5 28. Rfb1 Bxd5 29. exd5 d3 {[%emt 0:00:52] White must now prevent ...Rxb5.} 30. R5b3 (30. Kf1) 30... d2 {[%emt 0:01:52] ( -> ...Rc1+)} 31. Rd1 Rc1 32. Rb1 Rxb1 {[%emt 0:00:23] Weighted Error Value: White=0.69/Black=0.08 (flawless) .  Loses game:     	White=1     	---        Mistake:       	White=3     	Black=1      Inaccurate:     	White=2     	---        OK:         	White=6     	Black=9      Best:        	White=1     	Black=3      Brilliant:      	---       	Black=1} 0-1

[Event "37th Belgrade Trophy 2024"]
[Site "Belgrade"]
[Date "2024.11.23"]
[Round "1.2"]
[White "Bryakin, Mikhail"]
[Black "Jelic, Milutin"]
[Result "1-0"]
[ECO "A70"]
[WhiteElo "2435"]
[BlackElo "1874"]
[Annotator "TA"]
[PlyCount "49"]
[EventDate "2024.11.23"]
[EventCountry "SRB"]
[SourceTitle "playchess.com"]
[Source "ChessBase"]
[SourceQuality "1"]
[TimeControl "40/5400+30:900+30"]

1. d4 Nf6 2. c4 e6 3. Nf3 c5 4. d5 exd5 5. cxd5 d6 6. Nc3 g6 7. h3 Bg7 8. e4 O-O 9. Bd3 Nbd7 10. O-O a6 11. a4 Qc7 12. Bf4 c4 13. Bc2 h6 (13... Rb8 $142) 14. Bh2 {[%emt 0:00:58] White is more active.} (14. Qd2 $142) 14... Nh7 (14... b6 $142) 15. Re1 Re8 {[%emt 0:01:54] [#]} 16. e5 dxe5 17. d6 Qd8 {[%emt 0:11:55] This costs Black the game.} (17... Qc5 $14) 18. Nd5 $18 Rf8 $2 (18... Nhf8 19. Nc7 Rb8 20. Nxe8 Qxe8 21. Nxe5 Nxe5 22. Bxe5 (22. f4 Be6 $18) 22... Bxe5) 19. Ne7+ Kh8 {[%emt 0:00:21] [#]} 20. Bxg6 $1 f6 (20... Nhf6 21. Bc2) 21. Qc2 Ng5 22. Nh4 {[%emt 0:00:09][%cal Og6f5] Threatens to win with Bf5!} Nc5 23. Bf5 Bxf5 24. Qxf5 {[%emt 0:00:03] White threatens Nhg6+ and mate.} Qxd6 25. Nhg6+ {[%emt 0:00:04] Weighted Error Value: White=0.32/Black=1.61.  Loses game:     	---       	Black=1      Mistake:       	White=2     	Black=3      Inaccurate:     	White=1     	Black=4      OK:         	White=2     	---        Best:        	White=1     	Black=1} 1-0

[Event "37th Belgrade Trophy 2024"]
[Site "Belgrade"]
[Date "2024.11.23"]
[Round "1.3"]
[White "Askovic, Jovica"]
[Black "Atalik, Suat"]
[Result "0-1"]
[ECO "C54"]
[WhiteElo "1863"]
[BlackElo "2420"]
[Annotator "TA"]
[PlyCount "92"]
[EventDate "2024.11.23"]
[EventCountry "SRB"]
[SourceTitle "playchess.com"]
[Source "ChessBase"]
[SourceQuality "1"]
[TimeControl "40/5400+30:900+30"]

1. e4 e5 2. Nf3 Nc6 3. Bc4 Bc5 4. c3 Nf6 5. d4 exd4 6. cxd4 Bb4+ 7. Bd2 Nxe4 8. Bxb4 Nxb4 9. Bxf7+ Kxf7 10. Qb3+ d5 11. Qxb4 Re8 {[%emt 0:03:12] White must now prevent ...c5.} 12. O-O a5 13. Qb3 a4 {[%emt 0:00:50] The position is equal.} 14. Qb4 Qd6 15. Qxd6 Nxd6 16. Nc3 {[%emt 0:01:11] Against Re2} c6 17. Rfe1 Bf5 18. Rxe8 Kxe8 19. Re1+ Kd8 20. Ne5 a3 21. b3 h5 22. f3 Rc8 23. h3 h4 $36 {[%emt 0:06:36][%mdl 2048] Black has good play.} 24. Rc1 (24. Ng4 $15 {was preferrable.}) 24... Nb5 $1 $17 25. Ne2 (25. Nxb5 $2 cxb5 26. Ra1 Rc2 $19) 25... Ke7 26. Kf2 Kf6 {[%emt 0:00:57][%cal Ob5d4] Threatens to win with ...Nxd4!} 27. f4 Re8 28. Ke3 Bg6 29. Ng1 Be4 {[%emt 0:01:41] Black is more active.} 30. Ngf3 Bxf3 31. gxf3 {[%emt 0:00:10][%mdl 4096] Endgame. KRN-KRN} Nd6 (31... Nc7 $1 $17) 32. Rg1 (32. Re1 $11) 32... Nf5+ $15 33. Kd3 Ng3 $1 34. Kd2 {[%emt 0:02:42] This move loses the game for White.} (34. b4 $15) 34... Kf5 $1 $19 35. Ke3 {[%emt 0:01:20] [#]} (35. b4 $142) 35... c5 $1 36. dxc5 {[%emt 0:04:55] [#]} g5 $1 37. Kd3 $2 (37. Re1 Nh5 (37... gxf4+ 38. Kd4 $11) 38. Kd2) 37... Kxf4 38. Ng4 Kxf3 39. b4 Nh5 {[%emt 0:14:22] ...Nf4+ is the strong threat.} 40. Nh2+ Kf2 41. Rxg5 Nf4+ 42. Kc2 d4 (42... Nxh3 43. Ng4+ Kg3 44. Rg7 $17) 43. Ng4+ $2 (43. Rg7 d3+ (43... Nxh3 44. Rxb7 Re2+ 45. Kd3 $15) 44. Kc3) 43... Ke2 {[%emt 0:01:05] ( -> ...d3+)} 44. Ne5 Nxh3 45. Rh5 {[%emt 0:05:19] [#]} (45. Rg2+ $142 Kf1 (45... Nf2 46. Nd3 $11) 46. Rg4 Rxe5 47. Rxh4 Re2+ 48. Kb3 Re3+ 49. Kc2 d3+ 50. Kd2) 45... Nf4 $1 46. Nc4 Nxh5 {[%emt 0:00:09] Weighted Error Value: White=0.56/Black=0.07 (flawless) .  Mistake:       	White=6     	Black=1      Inaccurate:     	White=3     	Black=1      OK:         	White=13    	Black=8      Best:        	White=3     	Black=7      Strong:       	---       	Black=5      Brilliant:      	---       	Black=1} 0-1

[Event "37th Belgrade Trophy 2024"]
[Site "Belgrade"]
[Date "2024.11.23"]
[Round "1.4"]
[White "Stanojoski, Zvonko"]
[Black "Yasaswi Krishna Bommi"]
[Result "1-0"]
[ECO "A49"]
[WhiteElo "2401"]
[BlackElo "1861"]
[Annotator "TA"]
[PlyCount "75"]
[EventDate "2024.11.23"]
[EventCountry "SRB"]
[SourceTitle "playchess.com"]
[Source "ChessBase"]
[SourceQuality "1"]
[TimeControl "40/5400+30:900+30"]

1. Nf3 Nf6 2. d4 g6 3. g3 Bg7 4. Bg2 d6 5. O-O O-O 6. b3 Nbd7 7. Bb2 c5 8. dxc5 Nxc5 9. c4 Qc7 10. Nc3 {[%emt 0:00:58] White has an edge.} a6 11. Rc1 Qd8 12. Nd4 Ne6 (12... Bd7 $14) 13. Nxe6 $16 Bxe6 14. Bxb7 Rb8 15. Bg2 (15. Bxa6 $16 Bh3 16. Re1) 15... Bxc4 $14 16. Ne4 Nxe4 17. Bxg7 (17. Bxe4 Bxb3 (17... Bxb2 18. Rxc4 a5 19. h4 $11) 18. axb3 Bxb2 $17) (17. Rxc4 Bxb2 (17... Nxf2 18. Qa1 $15) 18. Bxe4 (18. Rxe4 Bf6 $16) 18... a5 $11) 17... Kxg7 18. Rxc4 Nc5 19. b4 $36 {[%emt 0:00:57][%mdl 2048] White is on the roll. White now steadily converts the win.} Ne6 20. Qd2 Qb6 21. Rfc1 Kg8 22. Bd5 Ng7 23. a3 {[%emt 0:00:23] White is more active.} e6 24. Be4 d5 25. Rc6 Qb7 26. Bd3 Ra8 27. Qc3 Rfd8 {[%emt 0:05:09] Black is weak on the dark squares} 28. Rc7 Qb6 (28... Qb8 $142 29. Qf6 Rf8) 29. Qf6 $18 Rf8 30. R1c6 Qb8 31. Qc3 (31. Bxa6 $2 Ne8 32. Qb2 Nxc7 $19) 31... Rd8 $2 (31... e5 32. Qxe5 (32. Rxa6 e4 $16) 32... Ra7) 32. Bxa6 {[%emt 0:00:39][%cal Bd3a6,Ba6b7,Bb7e4][%mdl 32] [#] Rb7 would now be deadly. White is clearly winning.} Nf5 (32... Rf8 $142 33. b5 Qd8) 33. Rb7 d4 34. Qc5 Qxb7 35. Bxb7 Rxa3 36. Rc8 Rxc8 37. Qxc8+ Kg7 38. Be4 {[%emt 0:00:29] Weighted Error Value: White=0.04 (flawless) /Black=0.34.  Mistake:       	White=1     	Black=4      Inaccurate:     	---       	Black=2      OK:         	White=20    	Black=3      Best:        	White=3     	Black=1} 1-0

[Event "37th Belgrade Trophy 2024"]
[Site "Belgrade"]
[Date "2024.11.23"]
[Round "1.5"]
[White "Bozic, Andrej"]
[Black "Sutormin, Danila"]
[Result "0-1"]
[ECO "B92"]
[WhiteElo "1859"]
[BlackElo "2394"]
[Annotator "TA"]
[PlyCount "92"]
[EventDate "2024.11.23"]
[EventCountry "SRB"]
[SourceTitle "playchess.com"]
[Source "ChessBase"]
[SourceQuality "1"]
[TimeControl "40/5400+30:900+30"]

1. e4 c5 2. Nf3 a6 3. d4 cxd4 4. Nxd4 Nf6 5. Nc3 e5 6. Nb3 d6 7. f3 Be6 8. Be3 Nbd7 9. Be2 Be7 10. Qd2 O-O 11. O-O b5 12. Bf2 Nb6 13. Bd3 Qc7 14. Qe2 Nc4 15. Rab1 Rfc8 (15... Nxb2 $17 16. Nxb5 axb5 17. Rxb2 b4) 16. Rfe1 (16. Nd2 $15) 16... b4 (16... Nxb2 $1 $17 17. Nxb5 axb5 18. Rxb2 b4) 17. Nd1 (17. Na4 $5) 17... a5 18. Ne3 (18. Nc5 $1 $11 {keeps the balance.}) 18... Nxe3 $17 19. Qxe3 a4 $36 {[%emt 0:01:17][%mdl 2048] Black is in control.} 20. Nc1 Nd7 {[%emt 0:05:21] Black is more active.} 21. a3 bxa3 22. bxa3 h6 23. Qd2 Bg5 24. Be3 Qc5 25. Bxc5 (25. Ra1 $17) 25... Bxd2 $19 26. Bb4 Bxe1 27. Bxe1 Nc5 28. Bb4 Nxd3 29. cxd3 Rc2 {[%emt 0:00:30] And now ...Rac8 would win. Inhibits Ne2.} 30. Kf1 d5 31. exd5 Bxd5 32. Ne2 Rac8 33. Rd1 f6 34. Kf2 Bb3 35. Re1 Rb2 36. Ke3 Bf7 37. h4 Be8 38. g3 Bb5 39. Rd1 Rcc2 40. Re1 Kf7 41. f4 (41. h5 $142) 41... exf4+ 42. Nxf4 Rc8 43. Kd4 Rc7 {[%emt 0:00:30] Prevents Re7+} 44. Re3 Rb3 45. Ke4 $2 {[%emt 0:00:30] [#]} (45. Nd5 Rd7 46. Kc5) 45... Rxb4+ $1 46. axb4 (46. Kf3 Rb3) 46... Re7+ 0-1

[Event "37th Belgrade Trophy 2024"]
[Site "Belgrade"]
[Date "2024.11.23"]
[Round "1.6"]
[White "Xie, Jianjun"]
[Black "Li, Zhanjia"]
[Result "1-0"]
[ECO "C42"]
[WhiteElo "2361"]
[BlackElo "1859"]
[Annotator "TA"]
[PlyCount "45"]
[EventDate "2024.11.23"]
[EventCountry "SRB"]
[SourceTitle "playchess.com"]
[Source "ChessBase"]
[SourceQuality "1"]
[TimeControl "40/5400+30:900+30"]

1. e4 e5 2. Nf3 Nf6 3. Nxe5 d6 4. Nf3 Nxe4 5. d4 d5 6. Bd3 Nc6 7. O-O Be7 8. c4 Nf6 9. Nc3 O-O 10. h3 Nb4 11. Be2 dxc4 12. Bxc4 c6 (12... Nbd5 13. Re1 c6 14. Nxd5 Nxd5 15. Bxd5 cxd5 16. Qb3 Be6) 13. Ne5 (13. Re1 {simplifies} Nbd5 14. Nxd5 Nxd5 15. Bxd5 cxd5 16. Qb3) 13... Bf5 14. Qf3 Bg6 15. Be3 Nbd5 16. Rad1 Qd6 17. Bg5 Rad8 18. Rfe1 {[%emt 0:00:09] White is more active.} Nxc3 19. bxc3 Rfe8 {[%emt 0:06:21] [#]} (19... Rde8 $16) 20. h4 $1 $18 Nd5 {[%emt 0:09:13] [#]} (20... b5 $142) 21. h5 $1 Bxg5 22. hxg6 Rf8 (22... hxg6 {was worth a try.} 23. Nxf7 Qf6) 23. gxh7+ ({But not} 23. gxf7+ Kh8 24. Bxd5 (24. g3 b5 $18) 24... cxd5 $18) ({Weaker is} 23. Nxf7 Qxg6 24. Ne5 (24. Bxd5 $2 Rxd5 25. Nxg5 Rxf3 $19) 24... Rxf3 $15) 1-0

[Event "37th Belgrade Trophy 2024"]
[Site "Belgrade"]
[Date "2024.11.23"]
[Round "1.7"]
[White "Lalic, Mile"]
[Black "Ivanovic, Marko"]
[Result "0-1"]
[ECO "C27"]
[WhiteElo "1857"]
[BlackElo "2297"]
[Annotator "RC"]
[PlyCount "140"]
[EventDate "2024.11.23"]
[EventCountry "SRB"]
[SourceTitle "playchess.com"]
[Source "ChessBase"]
[SourceQuality "1"]
[TimeControl "40/5400+30:900+30"]

1. e4 d6 2. Nc3 e5 3. Bc4 Nf6 4. d3 c6 5. a4 Be7 6. Nge2 O-O 7. O-O d5 8. Bb3 Be6 9. Ng3 Nbd7 10. Bg5 h6 11. Bxf6 Nxf6 12. Nce2 Bc5 13. h3 a5 14. exd5 cxd5 15. Nc3 Qb6 16. Nh5 Nxh5 17. Qxh5 d4 18. Nb5 Bxb3 19. cxb3 Rfe8 20. Rae1 Bd6 21. f3 Re7 22. Rc1 Bb4 23. Rf2 Qf6 24. Qg4 g6 25. Re2 Kg7 26. Rc4 Rd8 27. h4 h5 28. Qg5 Qe6 29. g3 f6 30. Qc1 Qf5 31. Qc2 Qxf3 32. Kh2 Qg4 33. Rc7 Rxc7 34. Qxc7+ Qd7 35. Kg2 Qxc7 36. Nxc7 Rc8 37. Nb5 Rc5 38. Kf3 f5 39. Nd6 Kf6 40. Nc4 Rd5 41. Rg2 Rd8 42. Rg1 Re8 43. Rf1 e4+ 44. Ke2 Ke6 45. Rg1 Kd5 46. Rf1 Bd6 47. Rg1 Bc7 48. Nd2 exd3+ 49. Kxd3 Re3+ 50. Kc2 d3+ 51. Kd1 Rxg3 52. Rh1 Bf4 53. Nc4 Rg2 54. Rf1 Bh6 55. Re1 Kd4 56. Re6 Bf4 57. Ke1 d2+ 58. Nxd2 Bxd2+ 59. Kf1 Rg4 60. Rb6 Be3 61. Ke2 Rg2+ 62. Kf3 Rf2+ 63. Kg3 f4+ 64. Kh3 Ke4 65. Rxg6 Rxb2 66. Rg5 Rxb3 67. Kh2 f3 68. Rg6 Bf4+ 69. Kh3 f2+ 70. Kg2 Rg3+ 0-1

[Event "37th Belgrade Trophy 2024"]
[Site "Belgrade"]
[Date "2024.11.23"]
[Round "1.8"]
[White "Galojan, Lilit"]
[Black "Ristic, Ivan V"]
[Result "1-0"]
[ECO "D63"]
[WhiteElo "2285"]
[BlackElo "1852"]
[Annotator "RC"]
[PlyCount "67"]
[EventDate "2024.11.23"]
[EventCountry "SRB"]
[SourceTitle "playchess.com"]
[Source "ChessBase"]
[SourceQuality "1"]
[TimeControl "40/5400+30:900+30"]

1. d4 Nf6 2. c4 e6 3. Nc3 d5 4. Bg5 Nbd7 5. e3 Be7 6. Rc1 c6 7. Nf3 h6 8. Bh4 O-O 9. a3 a5 10. Bd3 dxc4 11. Bxc4 b5 12. Bd3 Bb7 13. O-O Rc8 14. Bxf6 Nxf6 15. Ne4 Nxe4 16. Bxe4 f5 17. Bd3 Bd6 18. Qb3 Qf6 19. e4 fxe4 20. Bxe4 Kh8 21. Rfe1 g5 22. h3 h5 23. Ne5 Bxe5 24. dxe5 Qxf2+ 25. Kh1 Qf7 26. Rcd1 Rcd8 27. Rd6 Rxd6 28. exd6 Qf6 29. d7 Rd8 30. Rd1 Kg7 31. Qd3 Qe5 32. Rf1 Qc5 33. Bh7 Kh8 34. Qg6 1-0

[Event "37th Belgrade Trophy 2024"]
[Site "Belgrade"]
[Date "2024.11.23"]
[Round "1.9"]
[White "Zivojinovic, Branko"]
[Black "Slobodiansky, Steven"]
[Result "1-0"]
[ECO "D02"]
[WhiteElo "1849"]
[BlackElo "2273"]
[Annotator "RC"]
[PlyCount "119"]
[EventDate "2024.11.23"]
[EventCountry "SRB"]
[SourceTitle "playchess.com"]
[Source "ChessBase"]
[SourceQuality "1"]
[TimeControl "40/5400+30:900+30"]

1. d4 Nf6 2. Nf3 e6 3. Bf4 c5 4. c3 Nc6 5. e3 d5 6. Nbd2 Bd6 7. Bg3 Bxg3 8. hxg3 Qb6 9. Qb3 O-O 10. Be2 h6 11. O-O Rd8 12. Rfd1 Bd7 13. Qa3 cxd4 14. exd4 Qc7 15. Rac1 Ne4 16. Bd3 f5 17. c4 Qb6 18. c5 Qc7 19. b4 a6 20. Qb2 Be8 21. a4 Bh5 22. b5 axb5 23. axb5 Ne7 24. Ra1 Ng6 25. b6 Qe7 26. Rxa8 Rxa8 27. Ra1 Rc8 28. Ra7 e5 29. Ba6 Nxd2 30. Qxd2 exd4 31. Bxb7 Bxf3 32. gxf3 Qxc5 33. Bxc8 Qxb6 34. Qa2 Qc5 35. Bxf5 Ne5 36. Ra8+ Kf7 37. Qa7+ Qxa7 38. Rxa7+ Kf6 39. f4 Nc4 40. Bd3 Nb2 41. Ra6+ Ke7 42. Ra3 Kd6 43. Kf1 Kc5 44. Rb3 Nc4 45. Ke2 Nd6 46. f3 Kc6 47. Rb8 Kd7 48. Rg8 Ke7 49. Rxg7+ Kf6 50. Ra7 Ke6 51. Ra6 Ke7 52. Ra7+ Kf6 53. Rd7 Ke6 54. Rh7 Nf7 55. Bg6 Nd8 56. Rxh6 Kf6 57. Bb1+ Ke7 58. Ba2 Nf7 59. Rh7 Kf6 60. Rxf7+ 1-0

[Event "37th Belgrade Trophy 2024"]
[Site "Belgrade"]
[Date "2024.11.23"]
[Round "1.10"]
[White "Koprivica, Cedo"]
[Black "Cline, Timothy"]
[Result "0-1"]
[ECO "A40"]
[WhiteElo "1877"]
[BlackElo "1846"]
[Annotator "NA RC"]
[PlyCount "70"]
[EventDate "2024.11.23"]
[EventCountry "SRB"]
[SourceTitle "playchess.com"]
[Source "ChessBase"]
[SourceQuality "1"]
[TimeControl "40/5400+30:900+30"]

1. d4 e5 2. dxe5 Nc6 3. Nf3 Qe7 4. Nc3 Nxe5 5. Nxe5 Qxe5 6. g3 Bb4 7. Bd2 Nf6 8. Bg2 O-O 9. O-O c6 10. a3 Ba5 11. Bf4 Qe6 12. b4 Bb6 13. Bd6 Re8 14. e3 Bxe3 15. Qd3 Bb6 16. h3 a5 17. Kh2 axb4 18. axb4 Rxa1 19. Rxa1 Bxf2 20. Rf1 Qe3 21. Qf5 Bxg3+ 22. Bxg3 Qxc3 23. Qg5 h6 24. Qh4 Qxc2 25. Rf2 Re2 26. Qf4 Rxf2 27. Bxf2 Nh5 28. Qe3 Kf8 29. Qd4 Qf5 30. Be3 f6 31. Kg1 Qe5 32. Qd2 d5 33. b5 Bd7 34. b6 Ng3 35. Bf4 Ne2+ 0-1